 Dungeon Crawl Stone Soup version 0.21-a0-529-g8c7b3f5 (webtiles) character file.

48 tof the Skirmisher (level 3, -2/40 HPs)
             Began as an Ogre Berserker on Dec 9, 2017.
             Was a Believer of Trog.
             Slain by an adder (4 damage)
             ... on level 2 of the Dungeon.
             The game lasted 00:01:53 (1214 turns).

tof the Skirmisher (Ogre Berserker)                 Turns: 1214, Time: 00:01:54

Health: -2/40      AC:  5    Str: 26    XL:     3   Next: 72%
Magic:  3/3        EV: 16    Int: 13    God:    Trog [**....]
Gold:   100        SH:  0    Dex: 14    Spells: 2/2 levels left

rFire    . . .     SeeInvis .   h - +2 whip (vamp)
rCold    . . .     Gourm    .   (no shield)
rNeg     . . .     Faith    .   j - +0 troll leather armour
rPois    .         Spirit   .   (helmet restricted)
rElec    .         Reflect  .   (no cloak)
rCorr    .         Harm     .   (gloves unavailable)
MR       .....                  (boots unavailable)
Stlth    ++........             (no amulet)
HPRegen  0.53/turn              (no ring)
MPRegen  0.08/turn              (no ring)

@: mighty, brilliant, agile, lethally poisoned (-2 -> -5)
A: large, unfitting armour, tough skin 1
a: Berserk, Trog's Hand, Burn Spellbooks, Renounce Religion


You were on level 2 of the Dungeon.
You worshipped Trog.
Trog was pleased with you.
You were not hungry.

You visited 1 branch of the dungeon, and saw 2 of its levels.

You collected 100 gold pieces.

Inventory:

Hand Weapons
 a - a +0 mace
 h - a +2 vampiric whip (weapon)
Missiles
 k - 12 stones (quivered)
Armour
 j - a +0 troll leather armour (worn)
Scrolls
 f - 2 scrolls of identify {unknown}
Potions
 g - a potion of curing {unknown}
Comestibles
 b - 4 chunks of flesh
 i - a bread ration


   Skills:
 + Level 4.4 Fighting
 * Level 3.3 Maces & Flails
 + Level 1.0 Throwing
 + Level 0.8 Armour
 + Level 2.9 Dodging


You had 2 spell levels left.
You didn't know any spells.

Dungeon Overview and Level Annotations

Branches:
Dungeon (2/15)

Altars:


Innate Abilities, Weirdness & Mutations

You are too large for most types of armour.
You have tough skin. (AC +1)


Message History

You are lethally poisoned!
The adder poisons you!
* * * LOW HITPOINT WARNING * * *
You feel sick.
* * * LOW HITPOINT WARNING * * *
You feel sick.
It was a potion of brilliance.
You feel clever all of a sudden.
* * * LOW HITPOINT WARNING * * *
You feel sick. The adder barely misses you.
The adder bites you but does no damage. x2; The adder closely misses you.
It was a potion of agility.
You feel agile all of a sudden.
* * * LOW HITPOINT WARNING * * *
You feel sick. The adder misses you. The adder barely misses you.
It was a potion of might.
You feel very mighty all of a sudden.
* * * LOW HITPOINT WARNING * * *
You feel sick. The adder bites you.
You die...

)..^.# .# #.# ######
#.# #.######## ###
##.# #......... #..
..# #.######## #.# #.#
#.####### #.#
#.####........ #.#
#######........####.
#.#
#####....S..........##
#<#
#.(((%...S@.....†....#
#.#
#.###.#####.#####....#
#.# #.# #.# ....# ..#
#.# #.# ....... ###
... ..# ....### ##.
..# ..#.# .# #..#
..#.# .# #[.# ..# # .#


You could see 2 adders.

Vanquished Creatures
  2 adders (D:2)
  A dart slug (D:2)
  2 leopard geckos
  4 bats
  2 giant cockroaches
  2 goblins
  4 hobgoblins
  2 frilled lizards (D:1)
  5 kobolds
  2 rats (D:2)
26 creatures vanquished.

Notes
Turn   | Place    | Note
-------+----------+-------------------------------------------
     0 | D:1      | tof the Ogre Berserker began the quest for the Orb.
     0 | D:1      | Reached XP level 1. HP: 24/24 MP: 1/1
    88 | D:1      | Reached XP level 2. HP: 17/32 MP: 2/2
   990 | D:2      | Reached XP level 3. HP: 38/39 MP: 3/3
  1031 | D:2      | Reached ** piety under Trog
  1166 | D:2      | Reached skill level 1 in Throwing
  1213 | D:2      | HP: 2/40 [poisoned by an adder]
  1214 | D:2      | Slain by an adder

Vault maps used:
D:1:      dpeg_arrival_rhombus, wad_floor_pattern_1
D:2:      first_bread

Skill      XL: |  1  2  3 |
---------------+----------+-----
Maces & Flails | 3 |  3.3
Throwing       | 1 |  1.0
Fighting       | |  4.4
Armour         | |  0.8
Dodging        | |  2.9

Action                   || total
-------------------------++-------
Melee: Mace              ||    35
       Whip              ||    63
Throw: Stone             ||     6
  Use: Potion            ||     3
  Eat: Bread ration      ||     1
       Chunk             ||     1
Armor: Animal skin       ||    24
       Troll leather arm ||    21
Dodge: Dodged            ||    67

Table legend:
 A = Spawn XP
 B = Non-spawn XP
 C = Spawn XP percentage of total XP
 D = Spawn monster count
 E = Non-spawn monster count
 F = Spawn count percentage of total count
 G = Total turns spent on level
                    A         B        C        D         E        F      G
               +---------+---------+-------+---------+---------+-------+---------
         Total |       0 |      69 |   0.0 |       0 |      26 |   0.0 |  1214
               +---------+---------+-------+---------+---------+-------+---------
           D:1 |       0 |      22 |   0.0 |       0 |      13 |   0.0 |   949
           D:2 |       0 |      47 |   0.0 |       0 |      13 |   0.0 |   265
               +---------+---------+-------+---------+---------+-------+---------
